 Dungeon Crawl Stone Soup version 0.23-a0-394-g6ce9549 (webtiles) character file.

164 sleepydude the Skirmisher (level 5, -2/47 HPs)
             Began as a Minotaur Fighter on Oct 31, 2018.
             Killed by divine providence
             ... invoked by an orc priest
              (17 damage)
             ... on level 3 of the Dungeon.
             The game lasted 00:04:47 (2531 turns).

sleepydude the Skirmisher (Minotaur Fighter)        Turns: 2531, Time: 00:04:47

Health: -2/47      AC:  4    Str: 22    XL:     5   Next: 21%
Magic:  4/4        EV:  9    Int:  5    God:
Gold:   141        SH: 10    Dex:  9    Spells: 4/4 levels left

rFire    . . .     SeeInvis .   a - +1 flail
rCold    . . .     Gourm    .   c - +1 shield
rNeg     . . .     Faith    .   g - +0 leather armour (curse)
rPois    .         Spirit   .   (helmet restricted)
rElec    .         Reflect  .   e - +0 cloak
rCorr    +         Harm     .   (no gloves)
MR       .....                  (no boots)
Stlth    +.........             (no amulet)
HPRegen  0.15/turn              p - ring of resist corrosion
MPRegen  0.09/turn              (no ring)

@: no status effects
A: retaliatory headbutt, horns 2
a: no special abilities


You were on level 3 of the Dungeon.
You were not hungry.

You visited 1 branch of the dungeon, and saw 3 of its levels.

You collected 141 gold pieces.

Inventory:

Hand Weapons
 a - a +1 flail (weapon)
Armour
 b - a +0 scale mail
 c - a +1 shield (worn)
 e - a +0 cloak (worn)
 g - a cursed +0 leather armour (worn)
Jewellery
 p - a ring of resist corrosion (left hand)
Wands
 n - a wand of random effects (16)
Scrolls
 l - 4 scrolls of identify {@r1}
 m - 2 scrolls of teleportation
 o - 2 scrolls of magic mapping
Potions
 d - a potion of might
 h - 2 potions of berserk rage {unknown}
 i - 2 potions of curing {@q1}
 j - a potion of brilliance {unknown}
Comestibles
 f - 4 rations
 k - 3 chunks of flesh


   Skills:
 + Level 4.6 Fighting
 + Level 4.5 Maces & Flails
 + Level 4.1 Armour
 + Level 1.0 Dodging
 + Level 0.2 Stealth
 + Level 4.5 Shields


You had 4 spell levels left.
You didn't know any spells.
Your spell library was empty.

Dungeon Overview and Level Annotations

Branches:
Dungeon (3/15)

Altars:
Ru

Annotations:
D:3 Natasha


Innate Abilities, Weirdness & Mutations

You reflexively headbutt those who attack you in melee.
You have a pair of horns on your head.


Message History

Deactivating autopickup; reactivate with Ctrl-A.
The orc closely misses you.
You bump into the rock wall.
You feel less confused. The orc wizard barely misses you.
You furiously retaliate!
You headbutt the orc wizard.
The orc priest mumbles some strange prayers to Beogh against you.
Beogh smites you! The orc hits you with a +0 hand axe.
You hit the orc wizard.
The orc wizard is moderately wounded.
The orc wizard casts a spell.
The orc wizard flickers and vanishes!
The orc barely misses you.
You miss something. Something hits you. The orc hits you with a +0 hand axe.
You miss something.
The orc wizard casts a cantrip, but nothing happens.
You block something's attack. You block the orc's attack.
Something hits you but does no damage.
The orc priest invokes the aid of Beogh against you.
Beogh smites you!
You die...

..................
##(####.########.#
.....รท.....# #.#
##(####.##.# #.# #.#
#.##.# #.# #.# #.##.# #.#
## #.# #.##.# #.# ..# #.#
#.##.# #.# ...#
##.####(##.#####@###....#
................o{gSoh..#
......#.##)#####.###o...#
#####..###.# #.# ...#
##.###'### #.# ..#
######.#.....###.# .#
.............+...# #
###.###......##..# #.#
#.##'####..######


You could see an orc priest, an orc wizard, Natasha, an adder, an orc and a
goblin.

Vanquished Creatures
  Ijyb (D:2)
  5 adders
  4 dart slugs
  4 worms
  3 leopard geckos
  An orc (D:3)
  A ball python (D:2)
  2 giant cockroaches (D:3)
  11 goblins
  9 hobgoblins
  2 quokkas
  7 bats
  A frilled lizard (D:2)
  12 kobolds
  A quokka zombie (D:3)
  9 rats
73 creatures vanquished.

Notes
Turn   | Place    | Note
-------+----------+-------------------------------------------
     0 | D:1      | sleepydude the Minotaur Fighter began the quest for the
                  | Orb.
     0 | D:1      | Reached XP level 1. HP: 19/19 MP: 0/0
   195 | D:1      | Reached XP level 2. HP: 27/27 MP: 1/1
   764 | D:2      | Reached XP level 3. HP: 34/34 MP: 2/2
  1330 | D:2      | Noticed Ijyb
  1354 | D:2      | Killed Ijyb
  1354 | D:2      | Reached XP level 4. HP: 41/41 MP: 3/3
  2025 | D:3      | Reached skill level 1 in Dodging
  2025 | D:3      | Reached XP level 5. HP: 41/47 MP: 4/4
  2098 | D:3      | Found a sacrificial altar of Ru.
  2518 | D:3      | Noticed Natasha
  2531 | D:3      | Killed from afar by an orc priest

Vault maps used:
D:1:      lightli_arrival_statue_moat
D:2:      kennysheep_the_goblin_king
D:3:      nicolae_ru_sacrificial_ziggurat, uniq_natasha

Skill      XL: |  1  2  3  4 |
---------------+-------------+-----
Fighting       | 4 |  4.6
Maces & Flails | 3 4 |  4.5
Armour         | 4 |  4.1
Shields        | 4 |  4.5
Dodging        | 1 |  1.0
Stealth        | |  0.2

Action                   |  1- 3 |  4- 6 || total
-------------------------+-------+-------++-------
Melee: Flail             |    88 |    80 ||   168
       Headbutt          |    16 |    11 ||    27
  Use: Scroll            |     4 |     3 ||     7
  Eat: Chunk             |     1 |     4 ||     5
Armor: Scale mail        |    16 |       ||    16
       Leather armour    |     7 |    19 ||    26
Dodge: Dodged            |    28 |    35 ||    63
Block: Shield            |    44 |    46 ||    90

Table legend:
 A = Non-vault XP
 B = Vault XP
 C = Vault XP percentage of total XP
 D = Non-vault monster count
 E = Vault monster count
 F = Vault count percentage of total count
                 A         B        C        D         E       F
            +---------+---------+-------+---------+---------+-------
      Total |     188 |      47 |  20.0 |      66 |       7 |   9.6
            +---------+---------+-------+---------+---------+-------
        D:1 |      36 |       0 |   0.0 |      22 |       0 |   0.0
        D:2 |      60 |      47 |  43.9 |      18 |       7 |  28.0
        D:3 |      92 |       0 |   0.0 |      26 |       0 |   0.0
            +---------+---------+-------+---------+---------+-------
